 Dungeon Crawl Stone Soup version 0.31-a0-174-g85c54bcb58 (webtiles) character file.

Game seed: 4556433718249169630

49 qw the Chopper (level 3, -2/23 HPs)
             Began as a Gargoyle Fighter on June 15, 2023.
             Slain by Sigmund
             ... wielding a +2 scythe of freezing
              (5 damage)
             ... on level 2 of the Dungeon.
             The game lasted 00:00:37 (1259 turns).

qw the Chopper (Gargoyle Fighter)                   Turns: 1259, Time: 00:00:38

Health: -2/23      AC:  0    Str: 21    XL:     3   Next: 77%
Magic:  3/3        EV: 17    Int:  8    God:
Gold:   128        SH:  0    Dex: 14    Spells: 2/2 levels left

rFire   . . .        Y - melded +0 war axe
rCold   . . .        c - melded +0 buckler
rNeg    + . .        b - melded +0 scale mail
rPois   inf          k - melded +2 helmet
rElec   .            (cloak currently unavailable)
rCorr   .            (gloves currently unavailable)
SInv    .            (boots currently unavailable)
Will    .....        (no amulet)
Stlth   +            (ring currently unavailable)
HPRegen 0.23/turn    (ring currently unavailable)
MPRegen 0.08/turn

%: no passive effects
@: bat-form, flying, very quick
A: fast, flying, no casting, sickness immunity, AC +3, tiny, negative energy
resistance 1, (electricity resistance), torment resistance 1, petrification
resistance
a: no special abilities


You were on level 2 of the Dungeon.
You were a bat.
You visited 1 branch of the dungeon, and saw 2 of its levels.

You collected 128 gold pieces.


Innate Abilities, Weirdness & Mutations

You are a bat.
You are tiny and dextrous.
You move quickly.
You are flying.
Your equipment is almost entirely melded.
You are incapable of wielding weapons or throwing items.
You cannot cast spells.
You are immune to sickness and miasma.
((Your stone body is resilient. (AC +3)))
You are immune to poison.
You resist negative energy. (rN+)
((You are resistant to electric shocks. (rElec)))
You are resistant to unholy torment.
You are immune to petrification.


   Skills:
 - Level 3.2 Fighting
 + Level 3.6 Axes
 - Level 3.2 Armour
 - Level 3.2 Shields


You had 2 spell levels left.
You didn't know any spells.
Your spell library was empty.

Inventory:

Hand Weapons
 l - a +0 club
 Y - a +0 war axe (melded)
Armour
 b - a +0 scale mail (melded)
 c - a +0 buckler (melded)
 k - a +2 helmet (melded)
Scrolls
 a - a scroll of identify
Potions
 d - a potion of might
 e - 2 potions of curing
 f - a potion of enlightenment {unknown}
 i - a potion of ambrosia {unknown}
 m - a potion of degeneration {unknown}

Dungeon Overview and Level Annotations

Branches:
Dungeon (2/15)

Altars:

Annotations:
D:1 1 transporter
D:2 Sigmund


Message History

Enter note: Sigmund the Dreaded comes into view.
He is wielding a +2 scythe of freezing, wearing a +2 robe of positive energy and carrying a wand of polymorph (5).
1245 ||| Stepping ~*~*~tactically~*~*~ (hiding).
1246 ||| Stepping ~*~*~tactically~*~*~ (hiding).
You slash the hobgoblin!
You kill the hobgoblin!
Sigmund barely misses you.
You see here a hobgoblin corpse.
You slash Sigmund!
Sigmund is moderately wounded.
Sigmund zaps a wand.
You resist with significant effort.
Sigmund hits you with a +2 scythe of freezing!
Sigmund freezes you.
You slash Sigmund!
Sigmund is severely wounded.
Sigmund casts a spell.
Sigmund flickers and vanishes!
Deactivating autopickup; reactivate with Ctrl-A.
You miss something. Something hits you but does no damage.
You hit something but do no damage. Something hits you but does no damage.
You miss something.
You hear some strange, mumbled words.
A magic dart appears from out of thin air!
The magic dart hits you.
You barely miss something. Something hits you. Something freezes you.
You hit something.
You hear some strange, mumbled words.
A puff of flame appears from out of thin air!
The puff of flame hits you but does no damage.
You barely miss something.
You hear a zap.
You turn into a bat.
Your +0 war axe melds into your body.
Your +2 helmet melds into your body.
Your +0 buckler melds into your body.
Your +0 scale mail melds into your body.
You hit something. Something hits you.
You die...

#.......# ####
#.#####.#
...#####)#
#.######
.........#
#......#
...####..#
#.####.# #.##
#..#####......#
#.##
##.......###..#
...#
#####.######..#
...#
#<.......%b{..#
%..#
#..#########..#
.### #..# ..#
.# #..# ... .#
#..# ### .#
#..# .# #..# .#
#..# .# #..#


There were no monsters in sight!

Vanquished Creatures
  An adder (D:2)
  A worm (D:2)
  4 ball pythons
  2 bats
  An endoplasm (D:1)
  4 giant cockroaches
  3 goblins
  2 hobgoblins
  4 quokkas
  3 frilled lizards
  4 kobolds
  6 rats
35 creatures vanquished.

Notes
Turn   | Place    | Note
-------+----------+-------------------------------------------
     0 | D:1      | qw the Gargoyle Fighter began the quest for the Orb.
     0 | D:1      | Reached XP level 1. HP: 14/14 MP: 1/1
     0 | D:1      | 0 ||| qw: Version: 0.2-a-29-g511e9b1
     0 | D:1      | 0 ||| qw: Game counter: 5464
     0 | D:1      | 0 ||| qw: Always use a shield: true
     0 | D:1      | 0 ||| qw: God list: Okawaru
     0 | D:1      | 0 ||| qw: Allow faded altars: false
     0 | D:1      | 0 ||| qw: Do Orc after D:15 true
     0 | D:1      | 0 ||| qw: Do second Lair branch before Depths: true
     0 | D:1      | 0 ||| qw: Lair rune preference: random
     0 | D:1      | 0 ||| qw: Plans: Normal, Zot:1-4, Slime:5, God:TSO, Crypt,
                  | Tomb, Abyss, Pan, Hells, Win
     0 | D:1      | 0 ||| PLANNING D:1-11
   159 | D:1      | Reached XP level 2. HP: 19/19 MP: 2/2
   637 | D:1      | 637 ||| UPGRADING to +2 helmet.
   642 | D:1      | 642 ||| READING scroll labelled SUNOHURCHIPS.
   643 | D:1      | 643 ||| READING scroll labelled PISYSEI JUIBB.
   644 | D:1      | 644 ||| DRINKING 3 glowing purple potions.
   674 | D:2      | Reached skill level 3 in Axes
   691 | D:2      | 691 ||| Stepping ~*~*~tactically~*~*~ (stealth).
   692 | D:2      | 692 ||| Stepping ~*~*~tactically~*~*~ (stealth).
   701 | D:2      | 701 ||| Stepping ~*~*~tactically~*~*~ (stealth).
   733 | D:2      | Reached XP level 3. HP: 23/23 MP: 3/3
  1011 | D:2      | 1011 ||| Stepping ~*~*~tactically~*~*~ (hiding).
  1212 | D:2      | 1212 ||| FLEEEEING.
  1214 | D:2      | 1214 ||| STAIRDANCE
  1228 | D:1      | 1228 ||| READING 2 scrolls labelled ZANLISY CUHIAH.
  1229 | D:1      | 1229 ||| READING scroll labelled WAQ IRYMAI.
  1230 | D:1      | 1230 ||| READING scroll labelled SOSHRO WAFEMA.
  1244 | D:2      | Noticed Sigmund
  1245 | D:2      | 1245 ||| Stepping ~*~*~tactically~*~*~ (hiding).
  1246 | D:2      | 1246 ||| Stepping ~*~*~tactically~*~*~ (hiding).
  1256 | D:2      | HP: 4/23 [something (6)]
  1259 | D:2      | Slain by Sigmund

Levels and vault maps discovered:
D:1:      spicycebolla_arrival_risky_transporter, layout_loops_ring
D:2:      layout_loops_ring, uniq_sigmund

Skill      XL: |  1  2 |
---------------+-------+-----
Axes           | 2 3 |  3.6
Fighting       | |  3.2
Armour         | |  3.2
Shields        | |  3.2

Action                     || total
---------------------------++-------
  Melee: War axe           ||    94
         Unarmed           ||     1
  Throw: Boomerang         ||    29
    Use: Scroll            ||     5
         Potion            ||     1
 Armour: Scale mail        ||    43
  Dodge: Dodged            ||    32
  Block: Buckler           ||    12

Table legend:
 A = Non-vault XP
 B = Vault XP
 C = Vault XP percentage of total XP
 D = Non-vault monster count
 E = Vault monster count
 F = Vault count percentage of total count
                 A         B        C        D         E       F
            +---------+---------+-------+---------+---------+-------
      Total |      71 |       0 |   0.0 |      35 |       0 |   0.0
            +---------+---------+-------+---------+---------+-------
        D:1 |      28 |       0 |   0.0 |      17 |       0 |   0.0
        D:2 |      43 |       0 |   0.0 |      18 |       0 |   0.0
            +---------+---------+-------+---------+---------+-------
